 Dungeon Crawl Stone Soup version 0.28.0-53-g5a82cb258f (webtiles) character file.

Game seed: 2998066135464585450

72 Sin92 the Magician (level 4, -1/32 HPs)
             Began as a Demonspawn Hedge Wizard on July 12, 2022.
             Slain by an iguana (7 damage)
             ... on level 3 of the Dungeon.
             The game lasted 00:06:02 (3098 turns).

Sin92 the Magician (Demonspawn Hedge Wizard)        Turns: 3098, Time: 00:06:04

Health: -1/32      AC:  5    Str: 10    XL:     4   Next: 6%
Magic:  0/8        EV: 12    Int: 15    God:
Gold:   111        SH:  0    Dex: 15    Spells: 7/9 levels left

rFire   . . .      SeeInvis .   a - +1 dagger
rCold   . . .      Faith    .   (no shield)
rNeg    . . .      Spirit   .   b - +0 robe
rPois   .          Reflect  .   c - +2 hat
rElec   .          Harm     .   (no cloak)
rCorr   .          Rampage  .   (no gloves)
Will    .....                   g - +0 pair of boots
Stlth   ++........              (no amulet)
HPRegen 0.10/turn               (no ring)
MPRegen 0.11/turn               (no ring)

@: no status effects
A: hooves 2
a: no special abilities


You were on level 3 of the Dungeon.
You visited 1 branch of the dungeon, and saw 3 of its levels.

You collected 111 gold pieces.

Inventory:

Hand Weapons
 a - a +1 dagger (weapon)
Armour
 b - a +0 robe (worn)
 c - a +2 hat (worn)
 g - a +0 pair of boots (worn)
Scrolls
 e - a scroll of fog
 h - a scroll of identify
 i - a scroll of enchant armour
Potions
 d - 2 potions of curing


   Skills:
 + Level 1.1 Fighting
 + Level 0.8 Short Blades
 + Level 1.0 Armour
 + Level 2.1 Dodging
 + Level 2.1 Stealth
 + Level 3.1 Spellcasting
 + Level 1.5 Conjurations
 - Level 1.4 Summonings
 + Level 1.2 Translocations


You had 7 spell levels left.
You knew the following spells:

 Your Spells              Type           Power      Damage    Failure   Level
a - Magic Dart            Conj           28%        1d4       11%         1
b - Slow                  Hex            8%         N/A       21%         1

Your spell library contained the following spells:

 Spells                   Type           Power      Damage    Failure   Level
 Call Imp                 Summ           6%         N/A       16%         2
 Blink                    Tloc           12%        N/A       19%         2
 Static Discharge         Conj/Air       4%         N/A       22%         2
 Ensorcelled Hibernation  Hex/Ice        4%         N/A       30%         2
 Passwall                 Tmut/Erth      1%         N/A       30%         2
 Conjure Flame            Conj/Fire      4%         6-21      41%         3
 Mephitic Cloud           Conj/Pois/Air  3%         N/A       43%         3
 Swiftness                Air            2%         N/A       52%         3
 Sticky Flame             Conj/Fire      4%         2d3       82%         4
 Dispel Undead            Necr           2%         3d7       89%         4


Dungeon Overview and Level Annotations

Branches:
Dungeon (3/15)

Altars:

Shops:
D:2 !


Innate Abilities, Weirdness & Mutations

You have hoof-like feet.


Message History

The iguana is severely wounded.
The iguana bites you.
You hit the iguana but do no damage.
The iguana is severely wounded.
The iguana bites you.
* * * LOW HITPOINT WARNING * * *
You hit the iguana but do no damage.
The iguana is severely wounded.
The iguana bites you but does no damage.
You hit the iguana but do no damage.
The iguana is severely wounded.
The iguana misses you.
Aiming: Magic Dart (safe; 11% risk of failure)
Press: ? - help, Q - select action, (/) - cycle Shift-Dir - straight line, f/p - iguana
Aim: an iguana (severely wounded, 100% to hit)
The magic dart hits the iguana.
The iguana is almost dead.
The iguana bites you.
* * * LOW HITPOINT WARNING * * *
Aiming: Magic Dart (safe; 11% risk of failure)
Press: ? - help, Q - select action, (/) - cycle Shift-Dir - straight line, f/p - iguana
Aim: an iguana (almost dead, 100% to hit)
The magic dart hits the iguana but does no damage.
The iguana is almost dead.
The iguana bites you.
* * * LOW HITPOINT WARNING * * *
Unknown command.
Aiming: Magic Dart (safe; 11% risk of failure)
Press: ? - help, Q - select action, (/) - cycle Shift-Dir - straight line, f/p - iguana
Aim: an iguana (almost dead, 100% to hit)
The magic dart hits the iguana but does no damage.
The iguana is almost dead.
The iguana barely misses you.
Aiming: Magic Dart (safe; 11% risk of failure)
Press: ? - help, Q - select action, (/) - cycle Shift-Dir - straight line, f/p - iguana
Aim: an iguana (almost dead, 100% to hit)
The magic dart hits the iguana but does no damage.
The iguana is almost dead.
The iguana bites you!
You die...

.#.#.###.##.......##...........#
..................##..........[#
.....##+#.###..)..##......#...##
.....# ...# #...^.........##..#
.....#....# #.................#
.....#...#.
+.................... ...###...
. #..........(......... #.. #...
.##....l...........>... ... +...
.##...@.<..............
#.รท.....#+#..........
#.........#..........
#..........#######...
#............ #.............
...###......... .... #####.....
.... ##..


You could see an iguana.

Vanquished Creatures
  3 adders
  A worm (D:2)
  4 dart slugs
  2 endoplasms (D:1)
  4 giant cockroaches
  A goblin (D:1)
  4 hobgoblins
  3 quokkas (D:1)
  4 ball pythons
  2 bats (D:1)
  A frilled lizard (D:2)
  3 kobolds
  3 rats (D:1)
35 creatures vanquished.

Notes
Turn   | Place    | Note
-------+----------+-------------------------------------------
     0 | D:1      | Sin92 the Demonspawn Hedge Wizard began the quest for the
                  | Orb.
     0 | D:1      | Reached XP level 1. HP: 13/13 MP: 4/4
   153 | D:1      | Reached skill level 1 in Translocations
   233 | D:1      | Gained mutation: You have large cloven feet. [demonic
                  | ancestry]
   233 | D:1      | Reached XP level 2. HP: 19/19 MP: 0/6
   861 | D:1      | Gained mutation: You have hoof-like feet. [demonic
                  | ancestry]
   861 | D:1      | Reached XP level 3. HP: 25/25 MP: 0/7
  1481 | D:2      | Learned a level 1 spell: Slow
  2307 | D:2      | Found Ysatuamuny's Distillery.
  2640 | D:3      | Reached skill level 1 in Fighting
  2681 | D:3      | Reached skill level 1 in Armour
  2681 | D:3      | Reached XP level 4. HP: 9/32 MP: 0/8
  3098 | D:3      | Slain by an iguana

Illustrated notes

Levels and vault maps discovered:
D:1:      dpeg_arrival_arbitrary_a, layout_loops_ring, serial_glass,
          glass_columns_a, glass_columns_a, minmay_pentomino_o4
D:2:      layout_loops_ring, serial_shops, nicolae_shop_crystal
D:3:      layout_basic, mainiacjoe_overflow_brackets,
          chequers_ecumenical_altar_grove, kennysheep_generic_room_5,
          uniq_crazy_yiuf_cottage

Skill      XL: |  1  2  3 |
---------------+----------+-----
Translocations | 1 |  1.2
Stealth        | 2 |  2.1
Dodging        | 2 |  2.1
Fighting       | 1 |  1.1
Armour         | 1 |  1.0
Short Blades   | |  0.8
Spellcasting   | |  3.1
Conjurations   | |  1.5
Summonings     | |  1.4

Action                   |  1- 3 |  4- 6 || total
-------------------------+-------+-------++-------
Melee: Dagger            |   106 |    15 ||   121
       Kick              |     6 |       ||     6
 Cast: Magic Dart        |    75 |     9 ||    84
  Use: Scroll            |     8 |     1 ||     9
       Potion            |     2 |       ||     2
Armor: Robe              |    30 |     1 ||    31
       Skin              |     8 |       ||     8
Dodge: Dodged            |    81 |    11 ||    92
